 Dungeon Crawl Stone Soup version 0.30.0 (console) character file.

Game seed: 9057976561557234188

2 thromnambular the Gusty (level 1, 0/18 HPs)
             Began as an Ogre Air Elementalist on May 6, 2023.
             Slain by a gnoll
             ... wielding a +0 flail
              (10 damage)
             ... on level 1 of the Dungeon.
             The game lasted 00:00:47 (226 turns).

thromnambular the Gusty (Ogre Air Elementalist)      Turns: 226, Time: 00:00:48

Health: 0/18       AC:  3    Str: 11    XL:     1   Next: 40%
Magic:  1/3        EV:  9    Int: 16    God:
Gold:   10         SH:  0    Dex:  9    Spells: 3/4 levels left

rFire   . . .        c - +0 short sword
rCold   . . .        (no shield)
rNeg    . . .        a - +0 robe
rPois   .            (helmet restricted)
rElec   .            (no cloak)
rCorr   .            (gloves unavailable)
SInv    .            (boots unavailable)
Will    .....        (no amulet)
Stlth   +            (no ring)
HPRegen 0.23/turn    (no ring)
MPRegen 0.08/turn

%: no passive effects
@: no status effects
A: large, unfitting armour, tough skin 1
a: no special abilities


You were on level 1 of the Dungeon.
You visited 1 branch of the dungeon, and saw 1 of its levels.

You collected 10 gold pieces.

Inventory:

Hand Weapons
 c - a +0 short sword (weapon)
Armour
 a - a +0 robe (worn)
Potions
 b - a potion of magic


   Skills:
 * Level 0.9 Fighting
 + Level 1.8 Dodging
 - Level 1.4 Stealth
 - Level 2.4 Spellcasting
 - Level 0.8 Conjurations
 - Level 2.6 Air Magic


You had 3 spell levels left.
You knew the following spells:

 Your Spells              Type           Power      Damage    Failure   Level
a - Shock                 Conj/Air       28%        1d4       10%         1

Your spell library contained the following spells:

 Spells                   Type           Power      Damage    Failure   Level
 Static Discharge         Conj/Air       14%        2-3/arc   14%         2
 Foxfire                  Conj/Fire      12%        2x1d4     17%         1
 Swiftness                Air            10%        N/A       21%         3
 Airstrike                Air            5%         2d(1-17)  54%         4
 Fireball                 Conj/Fire      1%         3d3       99%         5
 Plasma Beam              Fire/Air       3%         2x1d14    100%        6
 Starburst                Conj/Fire      1%         6d3       100%        6


Dungeon Overview and Level Annotations

Branches:
Dungeon (1/15)

Altars:


Innate Abilities, Weirdness & Mutations

You are too large for most types of armour.
You have tough skin. (AC +1)


Message History

The rat is heavily wounded.
The rat bites you.
You closely miss the rat.
The rat is heavily wounded.
The rat barely misses you.
You hit the rat.
You kill the rat!
Aiming: Shock (safe; 10% risk of failure)
Press: ? - help, Q - select action Shift-Dir - straight line, f - you That beam is likely to hit you.
Continue anyway?
Okay, then.
Unknown command.
HP restored.
Found a stone staircase leading down.
You see here a rat corpse.
A ball python comes into view.
A ball python is nearby!
Aiming: Shock (safe; 10% risk of failure)
Press: ? - help, Q - select action Shift-Dir - straight line The zap hits the ball python.
You kill the ball python!
You now have 10 gold pieces.
A gnoll comes into view. It is wielding a +0 flail.
Aiming: Shock (safe; 10% risk of failure)
Press: ? - help, Q - select action Shift-Dir - straight line The zap hits the gnoll.
The gnoll is moderately wounded.
The gnoll shouts!
The zap hits the gnoll.
The gnoll is moderately wounded.
The gnoll hits you with a +0 flail!
Aiming: Shock (safe; 10% risk of failure)
Press: ? - help, Q - select action Shift-Dir - straight line The zap hits the gnoll.
The gnoll is severely wounded.
The zap hits the gnoll.
The gnoll is almost dead.
The gnoll hits you with a +0 flail!
Ouch! That really hurt!
You die...

##.......## ..##.#
#.........####>...#.#
'.........'.......#.#
#.........####...##.#
##[......## #.#
##.....## #.# ##...##
## #.# ##+## ##g###.#
#####.# #.#@.#.#
....#.# #.###.#
......####### #.# #.#
.##.........# #.# #.#
.##.....###.# #.# #.#
.##....####.###.# #.#
..†.............#
#.#.#.#
......#####.#####
#.#.#.# ####..# #.#
#.#.#.#


You could see a gnoll.

Vanquished Creatures
  A ball python (D:1)
  A bat (D:1)
  A kobold (D:1)
  A rat (D:1)
4 creatures vanquished.

Notes
Turn   | Place    | Note
-------+----------+-------------------------------------------
     0 | D:1      | thromnambular the Ogre Air Elementalist began the quest for
                  | the Orb.
     0 | D:1      | Reached XP level 1. HP: 16/16 MP: 3/3
   226 | D:1      | Slain by a gnoll

Illustrated notes

Levels and vault maps discovered:
D:1:      wheals_arrival_linesprint, layout_loops_corners

Action                     || total
---------------------------++-------
  Melee: Short sword       ||     7
   Cast: Shock             ||     9
 Armour: Robe              ||     1
  Dodge: Dodged            ||     4
